 Dungeon Crawl Stone Soup version 0.29-a0-837-g174bc33 (webtiles) character file.

Game seed: 5439039810289320124

1810 PurpleRed the Thaumaturge (level 8, -3/46 HPs)
             Began as a Deep Elf Brigand on July 15, 2022.
             Was a Follower of Cheibriados.
             Killed from afar by an orc wizard (10 damage)
             ... with a puff of flame
             ... on level 8 of the Dungeon.
             The game lasted 00:23:24 (2590 turns).

PurpleRed the Thaumaturge (Deep Elf Brigand)        Turns: 2590, Time: 00:23:25

Health: -3/46      AC:  8    Str: 10    XL:     8   Next: 84%
Magic:  25/25      EV: 16    Int: 21    God:    Cheibriados [*.....]
Gold:   68         SH:  0    Dex: 18    Spells: 30/30 levels left

rFire   . . .      SeeInvis .   u - +3 dagger (flame)
rCold   . . .      Faith    .   (no shield)
rNeg    . . .      Spirit   .   g - +0 ring mail
rPois   +          Reflect  .   n - +0 helmet
rElec   .          Harm     .   c - +0 cloak
rCorr   .          Rampage  .   f - +0 pair of gloves
Will    .....                   (no boots)
Stlth   ++........              (no amulet)
HPRegen 0.15/turn               i - ring of poison resistance
MPRegen 0.19/turn               m - +4 ring of evasion

@: very slow
A: no striking features
a: Renounce Religion, Bend Time


You were on level 8 of the Dungeon.
You worshipped Cheibriados.
Cheibriados was aware of your devotion.
You visited 2 branches of the dungeon, and saw 10 of its levels.

You collected 124 gold pieces.
You spent 56 gold pieces at shops.

Inventory:

Hand Weapons
 a - a +2 dagger
 o - a +0 falchion of holy wrath
 u - a +3 dagger of flaming (weapon)
Missiles
 d - 9 poisoned darts (quivered)
 e - 2 curare-tipped darts
 j - 2 boomerangs
 r - 4 javelins
 y - a throwing net
Armour
 b - a +0 robe
 c - a +0 cloak (worn)
 f - a +0 pair of gloves (worn)
 g - a +0 ring mail (worn)
 h - a +0 leather armour
 k - a +0 ring mail
 n - a +0 helmet (worn)
 z - a scarf of harm
Jewellery
 i - a ring of poison resistance (left hand)
 m - a +4 ring of evasion (right hand)
 s - a ring of positive energy
Wands
 x - a wand of flame (5)
Scrolls
 l - 2 scrolls of fear
 p - 2 scrolls of teleportation
 q - a scroll of identify
 B - a scroll of amnesia
Potions
 t - 2 potions of resistance
 v - a potion of heal wounds
 w - 2 potions of mutation
 A - a potion of flight


   Skills:
 + Level 3.1 Fighting
 + Level 4.1 Short Blades
 - Level 2.0 Throwing
 + Level 5.2 Dodging
 - Level 4.8 Stealth
 * Level 11.9 Spellcasting


You had 30 spell levels left.
You didn't know any spells.
Your spell library was empty.

Dungeon Overview and Level Annotations

Branches:
Dungeon (9/15)             Temple (1/1) D:7
   Lair: D:8-11         Orc: D:9-12

Altars:
Ashenzari
Cheibriados
Dithmenos
Elyvilon
Fedhas
Gozag
Hepliaklqana
Kikubaaqudgha
Makhleb
Nemelex Xobeh
Okawaru
Qazlal
Ru
Sif Muna
Trog
Uskayaw
Wu Jian
Xom
Yredelemnul
Zin
The Shining One

Shops:
D:1 ?

Annotations:
D:7 Menkaure


Message History

The orc wizard hits you with a +0 dagger.
You puncture the orc wizard! You burn the orc wizard.
The orc wizard is heavily wounded.
The orc wizard hits you but does no damage.
You hit the orc wizard but do no damage.
The orc wizard is heavily wounded.
The orc wizard casts a spell at you. The magic dart hits you!
You hit the orc wizard. You burn the orc wizard.
The orc wizard is severely wounded.
The orc wizard hits you but does no damage.
You hit the orc wizard. You burn the orc wizard.
The orc wizard is almost dead.
You barely miss the orc wizard.
The orc wizard is almost dead.
The orc priest looks encouraged for a moment.
The orc wizard gestures at you while chanting.
The magic dart hits you.
You hit the orc wizard but do no damage.
The orc wizard is almost dead.
The orc priest mumbles some strange prayers to Beogh against you.
Beogh smites you!
* * * LOW HITPOINT WARNING * * *
The orc wizard points at you and mumbles some strange words.
The puff of flame misses you.
Throw: 3 darts (curare)
Press: ? - help, Shift-Dir - straight line, f - orc priest
Aim: an orc priest, wielding a +0 dagger (63% to hit)
You throw a curare-tipped dart.
The curare-tipped dart misses the orc wizard.
The curare-tipped dart hits the orc priest.
The orc priest is poisoned.
The orc priest convulses.
The orc priest seems to slow down.
The orc priest is lightly wounded.
The orc wizard closely misses you.
You closely miss the orc wizard.
The orc wizard is almost dead.
The orc wizard gestures at you while chanting.
The puff of flame hits you!
You die...

#.# #.# #.#
#.# #.#
##.###.##.
#.........
#..######..
#..@oo.....
#.######.#.
#. #. ##


You could see an orc priest (very poisoned, slow) and an orc wizard.

Vanquished Creatures
  A black bear (D:6)
  2 orc warriors
  A sky beast (D:7)
  2 phantoms (D:7)
  2 bullfrogs
  A necrophage (D:7)
  7 wights
  5 killer bees (D:7)
  4 howler monkeys
  A gnoll bouda (D:7)
  An orc priest (D:3)
  3 hounds
  2 jellies
  An iguana (D:7)
  An orc wizard (D:7)
  6 adders
  3 gnolls (D:7)
  A shadow imp (D:7)
  2 white imps
  A dart slug (D:1)
  8 orcs
  2 bats
  4 endoplasms
  7 goblins
  4 hobgoblins
  2 quokkas
  5 ball pythons
  3 frilled lizards
  2 goblin zombies (D:5)
  2 kobolds (D:2)
  5 rats
91 creatures vanquished.

Notes
Turn   | Place    | Note
-------+----------+-------------------------------------------
     0 | D:1      | PurpleRed the Deep Elf Brigand began the quest for the Orb.
     0 | D:1      | Reached XP level 1. HP: 12/12 MP: 3/3
    93 | D:2      | Reached skill level 1 in Spellcasting
   155 | D:3      | Reached XP level 2. HP: 17/17 MP: 4/6
   181 | D:3      | Reached skill level 2 in Spellcasting
   248 | D:3      | Reached skill level 3 in Spellcasting
   248 | D:3      | Reached XP level 3. HP: 3/22 MP: 7/9
   460 | D:1      | Found Pytit's Magic Scroll Boutique.
   472 | D:1      | Reached XP level 4. HP: 8/27 MP: 10/10
   497 | D:1      | Found a faded altar of an unknown god.
   592 | D:1      | Bought a scroll of fear for 56 gold pieces
   926 | D:4      | Reached skill level 4 in Spellcasting
   990 | D:4      | Reached skill level 5 in Spellcasting
   990 | D:4      | Reached XP level 5. HP: 28/32 MP: 12/14
  1021 | D:4      | HP: 1/31 [wight/+0 battleaxe (1)]
  1074 | D:5      | Entered Level 5 of the Dungeon
  1081 | D:5      | Reached XP level 6. HP: 13/37 MP: 16/16
  1115 | D:5      | Found a sand-covered staircase.
  1327 | D:7      | Reached skill level 6 in Spellcasting
  1421 | D:7      | Reached XP level 7. HP: 26/41 MP: 18/18
  1469 | D:7      | Noticed Menkaure
  1566 | D:7      | Found a staircase to the Ecumenical Temple.
  1575 | Temple   | Entered the Ecumenical Temple
  1717 | Temple   | Became a worshipper of Cheibriados the Contemplative
  1768 | D:7      | Reached skill level 7 in Spellcasting
  1792 | D:7      | Reached skill level 5 in Dodging
  1796 | D:7      | Reached skill level 8 in Spellcasting
  1800 | D:7      | Reached XP level 8. HP: 22/46 MP: 20/22
  1802 | D:7      | Reached skill level 9 in Spellcasting
  1826 | D:7      | Reached skill level 10 in Spellcasting
  2019 | D:5      | Reached skill level 11 in Spellcasting
  2089 | D:5      | Reached * piety under Cheibriados
  2590 | D:8      | Killed from afar by an orc wizard

Illustrated notes

Levels and vault maps discovered:
D:1:      scummos_arrival_star, layout_basic,
          shapermc_ecumenical_altar_notcrosses, serial_shops,
          nicolae_shop_hallway_stairs
D:2:      layout_basic, minmay_goblin_outpost
D:3:      layout_loops_cross, serial_shops, nicolae_shop_crystal, wad_orctagon,
          uniq_robin
D:4:      layout_loops_corners, minivault_24
D:5:      layout_basic, enter_ossuary_4
D:6:      layout_gridville
D:7:      layout_cave_pools, minmay_temple_entry_glass,
          kennysheep_generic_room_11, uniq_menkaure
D:8:      layout_basic, enter_bailey_2, ebering_ghost_inner_flame
D:9:      layout_long_grid, mainiacjoe_overflow_small_starburst
Temple:   mainiacjoe_temple_circle_huts

Skill      XL: |  1  2  3  4  5  6  7  8 |
---------------+-------------------------+-----
Spellcasting   | 1 3 5 6 8 11 | 11.9
Fighting       | 2 3 |  3.1
Dodging        | 2 3 5 |  5.2
Short Blades   | 3 4 |  4.1
Throwing       | |  2.0
Stealth        | |  4.8

Action                   |  1- 3 |  4- 6 |  7- 9 || total
-------------------------+-------+-------+-------++-------
Melee: Dagger            |    54 |   157 |   191 ||   402
Throw: Dart              |    15 |    42 |    14 ||    71
       Javelin           |       |     7 |     7 ||    14
Evoke: Wand              |       |     3 |       ||     3
  Use: Scroll            |     3 |     8 |     5 ||    16
       Potion            |       |     7 |     1 ||     8
 Stab: Sleeping          |     3 |     6 |     1 ||    10
       Invisible         |       |       |     9 ||     9
Armor: Robe              |     1 |       |       ||     1
       Leather armour    |     6 |       |       ||     6
       Ring mail         |     7 |    21 |    34 ||    62
Dodge: Dodged            |    26 |   109 |   132 ||   267

Table legend: (Time is in decaauts)
 A = Elapsed time spent in this place.
 B = Non-inter-level travel time spent in this place.
 C = Inter-level travel time spent in this place.
 D = Time resting spent in this place.
 E = Time spent auto-exploring this place.
 F = Levels seen in this place.
 G = Mean time per level.
                   A        B        C        D        E       F      G
               +--------+--------+--------+--------+--------+-----+--------+
         Total |   2698 |   2596 |    102 |      0 |      0 |  10 |  269.8 |
       Dungeon |   2529 |   2447 |     82 |      0 |      0 |   9 |  281.0 |
        Temple |    169 |    149 |     20 |      0 |      0 |   1 |  169.0 |
               +--------+--------+--------+--------+--------+-----+--------+

Top non-repeatable levels by time:
     D:7: 540 daAuts
     D:5: 475 daAuts
     D:4: 347 daAuts
     D:2: 342 daAuts
     D:6: 276 daAuts
     D:3: 220 daAuts
     D:1: 199 daAuts
  Temple: 169 daAuts
     D:8: 125 daAuts
     D:9: 2 daAuts
